AoeStats
← R3aLPopado

Arabia

508111986Analyzed
3v3 RM · 12d ago on Sep 20, 2026· 57m 8s· 6 players
Game mode
Random Map
Map size
Normal (6 player)
Population
200
Speed
Normal
Resources
Standard
Victory
Conquest
Starting age
Dark Age
Ending age
Imperial Age
RankedLock teamsTeams togetherTeam positionsShared explorationLock speedFull tech treeHidden civsTurbo modeCheats
Victory
Defeat
🇸🇦 Franks · Saudi Arabia
877
+15
🇨🇷 Maya · Costa Rica
856
+16
🇺🇸 Bohemians · United States
836
+16
🇦🇷 Teutons · Argentina
857
-16
🇦🇷 Chinese · Argentina
856
-16
🇦🇷 Vikings · Argentina
826
-15
R3aLPopado
11:37 Feudal Age
13:40 Double-Bit Axe
20:14 Castle Age
20:11 Horse Collar
27:20 Imperial Age
27:48 Heavy Plow
31:08 Chemistry
32:38 Wagenburg Tactics
34:43 Forging
34:34 Scale Mail Armor
35:30 Ballistics
36:26 Town Watch
36:08 Pikeman
36:50 Squires
36:36 Arson
38:12 Bow Saw
37:52 Loom
38:49 Wheelbarrow
38:59 Halberdier
40:17 Elite Hussite Wagon
41:48 Iron Casting
41:29 Chain Mail Armor
42:04 Hand Cart
43:48 Houfnice
46:37 Blast Furnace
46:09 Town Patrol
47:15 Two-Man Saw
48:26 Plate Mail Armor
53:29 Murder Holes
55:59 Hussite Reforms
OnlyxOne
0:31 Loom
11:48 Feudal Age
12:14 Horse Collar
12:24 Double-Bit Axe
18:12 Wheelbarrow
21:33 Castle Age
20:26 Stone Mining
20:28 Gold Mining
21:35 Town Watch
22:40 Thumb Ring
22:54 Heavy Plow
23:30 Squires
25:34 Bow Saw
25:18 Fletching
26:10 Padded Archer Armor
27:56 Hand Cart
28:09 Scale Mail Armor
30:10 Ballistics
36:03 Imperial Age
33:44 Bodkin Arrow
33:59 Forging
33:34 Treadmill Crane
34:20 Caravan
35:05 Chain Mail Armor
37:07 Stone Shaft Mining
37:11 Iron Casting
37:25 Conscription
36:41 Capped Ram
36:50 Eagle Warrior
39:40 Chemistry
38:59 Leather Archer Armor
39:33 Bracer
39:45 Masonry
40:42 Elite Plumed Archer
41:13 Arson
41:14 Elite Eagle Warrior
44:47 Blast Furnace
44:18 Plate Mail Armor
44:18 Ring Archer Armor
44:21 Architecture
49:50 Holcans
98_Natsu
16:17 Feudal Age
19:22 Double-Bit Axe
23:33 Castle Age
22:43 Scale Barding Armor
24:18 Husbandry
24:41 Chain Barding Armor
42:08 Loom
50:28 Wheelbarrow
52:37 Hand Cart
55:23 Imperial Age
Yacumin XIV
0:36 Loom
11:00 Feudal Age
11:49 Horse Collar
19:35 Castle Age
17:49 Gold Mining
18:06 Scale Barding Armor
17:50 Double-Bit Axe
18:47 Fletching
19:08 Forging
18:52 Fletching
21:09 Stone Mining
22:17 Iron Casting
24:40 Husbandry
31:55 Chain Barding Armor
33:37 Wheelbarrow
43:28 Imperial Age
42:40 Padded Archer Armor
42:35 Bodkin Arrow
54:42 Elite Skirmisher
julianaguilar.do
6:40 Loom
11:45 Feudal Age
12:32 Horse Collar
14:08 Town Watch
24:14 Castle Age
22:03 Double-Bit Axe
27:01 Bow Saw
26:54 Heavy Plow
30:15 Town Patrol
31:52 Elite Skirmisher
33:40 Caravan
34:11 Coinage
33:55 Fletching
34:05 Padded Archer Armor
35:37 Forging
36:27 Bodkin Arrow
36:47 Leather Archer Armor
38:38 Chieftains
42:01 Imperial Age
41:02 Ballistics
42:07 Iron Casting
41:35 Scale Mail Armor
43:58 Conscription
44:59 Conscription
48:09 Banking
Rey Ivar
7:55 Loom
10:27 Feudal Age
13:12 Town Watch
13:32 Double-Bit Axe
16:03 Forging
16:45 Wheelbarrow
17:35 Horse Collar
21:55 Castle Age
20:50 Gold Mining
22:11 Scale Barding Armor
22:28 Bloodlines
31:21 Stone Mining
33:47 Fletching
42:14 Stone Shaft Mining
41:52 Bow Saw
41:43 Heavy Plow
47:15 Chain Barding Armor
47:31 Iron Casting
50:48 Imperial Age
48:48 Caravan
50:56 Cavalier
53:53 Scale Mail Armor
53:27 Elite Teutonic Knight
Connection lost

Rejoining the realm…

Still unreachable

The connection could not be restored.

Session expired

The server has moved on; the page needs a fresh start.